 Dungeon Crawl Stone Soup version 0.21-a0-633-g4c047d5 (webtiles) character file.

599 wazuzu the Conjurer (level 7, -4/36 HPs)
             Began as a Gargoyle Wizard on Dec 28, 2017.
             Slain by an ogre
             ... wielding a +0 giant club
              (24 damage)
             ... on level 3 of the Dungeon.
             The game lasted 00:10:41 (3358 turns).

wazuzu the Conjurer (Gargoyle Wizard)               Turns: 3358, Time: 00:10:42

Health: -4/36      AC: 10    Str: 11    XL:     7   Next: 41%
Magic:  4/13       EV: 11    Int: 20    God:
Gold:   114        SH:  0    Dex:  8    Spells: 13/14 levels left

rFire    + . .     SeeInvis .   h - +2 whip (freeze)
rCold    . . .     Gourm    .   (no shield)
rNeg     + . .     Faith    .   u - +0 leather armour {rF+}
rPois    ∞         Spirit   .   b - +0 hat
rElec    +         Reflect  .   r - scarf {repulsion}
rCorr    .         Harm     .   t - +1 pair of gloves
MR       +....                  (no boots)
Stlth    +.........             j - amulet of regeneration
HPRegen  0.52/turn              e - ring of flight
MPRegen  0.13/turn              n - ring of protection from magic

@: very slightly contaminated, repel missiles
A: negative energy resistance 1, electricity resistance, unbreathing,
petrification resistance, rot immunity, AC +4
a: Evoke Flight


You were on level 3 of the Dungeon.
You were not hungry.

You visited 1 branch of the dungeon, and saw 4 of its levels.

You collected 114 gold pieces.

Inventory:

Hand Weapons
 h - a +2 whip of freezing (weapon)
 w - a +2 dagger of venom
Armour
 b - a +0 hat (worn)
 r - a scarf of repulsion (worn)
 t - a +1 pair of gloves (worn)
 u - a +0 leather armour of fire resistance (worn)
Jewellery
 e - a ring of flight (left hand)
 g - an uncursed ring of ice
 j - an amulet of regeneration (around neck)
 n - a ring of protection from magic (right hand)
Wands
 a - a wand of random effects (25)
 x - a wand of flame (19)
Scrolls
 f - 2 scrolls of enchant armour
 i - 3 scrolls of identify
 k - a scroll of fog {unknown}
 l - 3 scrolls of teleportation
 o - 5 scrolls of remove curse
 q - a scroll of blinking {unknown}
Potions
 m - 2 potions of agility {unknown}
 p - a potion of mutation {unknown}
 s - 2 potions of curing {unknown}
 z - a potion of degeneration {unknown}
Books
 c - a book of Minor Magic

   Spells                             Type                      Level
   a - Magic Dart                     Conjuration                  1
   b - Blink                          Translocation                2
   c - Call Imp                       Summoning                    2
   d - Slow                           Hexes                        2
   e - Conjure Flame                  Conjuration/Fire             3
   f - Mephitic Cloud                 Conjuration/Poison/Air       3
Comestibles
 d - 6 rations
 v - 8 chunks of flesh


   Skills:
 - Level 4.1 Maces & Flails
 + Level 3.0 Armour
 - Level 1.5 Dodging
 - Level 2.1 Stealth
 + Level 4.2 Spellcasting
 * Level 5.0 Conjurations
   Level 0.8 Summonings
   Level 0.8 Translocations


You had 13 spell levels left.
You knew the following spells:

 Your Spells              Type           Power        Failure   Level  Hunger
a - Magic Dart            Conj           ###.         1%          1    None


Dungeon Overview and Level Annotations

Branches:
Dungeon (4/15)
 Temple: D:4-7

Altars:
The Shining One


Innate Abilities, Weirdness & Mutations

You are resistant to torment.
Your stone body is resilient. (AC +4)
You are immune to poison.
You resist negative energy. (rN+)
You are resistant to electric shocks. (rElec)
You can survive without breathing.
You are immune to petrification.
You are immune to rotting.


Message History

The magic dart hits the ogre.
The ogre is heavily wounded.
The ogre hits you with a giant club!
You climb upwards.
There is a stone staircase leading down here.
Casting: Magic Dart
Confirm with . or Enter, or press ? or * to list all spells.
Aiming: Magic Dart
Press: ? - help, Shift-Dir - straight line, f - ogre
Aim: an ogre, wielding a giant club (heavily wounded)
You miscast Magic Dart.
You are very lightly contaminated with residual magic.
You feel a strange surge of energy! The ogre hits you with a giant club!
You barely miss the ogre.
The ogre is heavily wounded.
You hit the ogre but do no damage.
The ogre is heavily wounded.
The ogre hits you with a giant club!!
Ouch! That really hurt!
You die...

######.....#.##
#....[.## ###.#### #.#
##### ##.######### ....#
#..........#
###.####..<..####.#
......[....>..###.######
.##)####.......O@......#
.##.# ##.....####.####.#
....# #...........# #.#
...## ##...######## #.#
.#.# ##.## #.# .#.# #.#
#.# .#.# #.# #.### .#.#
##÷## #...# ##.# ##...##
#...#


You could see an ogre.

Vanquished Creatures
  Edmund (D:4)
  Duvessa (D:4)
  Dowan (D:4)
  A crimson imp (D:2)
  2 orc wizards (D:3)
  Terence (D:2)
  Natasha (thrice) (D:3)
  4 adders
  2 adder skeletons (D:2)
  A worm (D:2)
  3 dart slugs
  4 leopard geckos
  7 orcs (D:3)
  6 giant cockroaches
  9 hobgoblins
  9 jackals
  7 kobolds
  A quokka (D:2)
  6 bats
  5 frilled lizards
  5 goblins
  A leopard gecko skeleton (D:4)
  A leopard gecko zombie (D:2)
  A quokka zombie (D:2)
  10 rats
92 creatures vanquished.

Notes
Turn   | Place    | Note
-------+----------+-------------------------------------------
     0 | D:1      | wazuzu the Gargoyle Wizard began the quest for the Orb.
     0 | D:1      | Reached XP level 1. HP: 10/10 MP: 4/4
   291 | D:1      | Reached XP level 2. HP: 10/15 MP: 1/6
   345 | D:1      | Reached skill level 2 in Conjurations
   610 | D:1      | Reached skill level 1 in Maces & Flails
   704 | D:1      | Reached XP level 3. HP: 19/19 MP: 7/7
  1509 | D:2      | Reached XP level 4. HP: 24/24 MP: 3/8
  1586 | D:2      | Found a glowing golden altar of the Shining One.
  1612 | D:2      | Noticed Terence
  1617 | D:2      | Killed Terence
  1617 | D:2      | Reached XP level 5. HP: 19/28 MP: 6/9
  2118 | D:3      | Noticed Natasha
  2126 | D:3      | Killed Natasha
  2249 | D:3      | Reached skill level 1 in Armour
  2249 | D:3      | Reached skill level 3 in Conjurations
  2294 | D:3      | Noticed an orc warrior
  2479 | D:3      | Noticed Natasha
  2486 | D:3      | Killed Natasha
  2486 | D:3      | Reached XP level 6. HP: 26/32 MP: 5/11
  2693 | D:3      | Noticed Natasha
  2700 | D:3      | Killed Natasha
  3097 | D:4      | Noticed Duvessa
  3130 | D:4      | Killed Duvessa
  3130 | D:4      | Reached skill level 4 in Conjurations
  3134 | D:4      | Noticed Dowan
  3248 | D:4      | Reached XP level 7. HP: 36/36 MP: 8/12
  3256 | D:4      | Killed Dowan
  3260 | D:4      | Noticed Edmund
  3276 | D:4      | Killed Edmund
  3276 | D:4      | Reached skill level 5 in Conjurations
  3358 | D:3      | Slain by an ogre

Vault maps used:
D:1:      roderic_dead_forest, minmay_misc_feat_diagonals
D:2:      tso_metal_star, serial_undead, serial_undead_b, serial_undead_b,
          serial_undead_b, serial_undead_c, uniq_terence
D:3:      first_ration, uniq_natasha
D:4:      grunt_gozag_statues, uniq_edmund, uniq_duvessa,
          uniq_crazy_yiuf_cottage

Skill      XL: |  1  2  3  4  5  6  7 |
---------------+----------------------+-----
Conjurations   | 2 3 4 5 |  5.0
Maces & Flails | 1 2 4 |  4.1
Armour         | 1 2 3 |  3.0
Spellcasting   | 4 |  4.2
Dodging        | |  1.5
Stealth        | |  2.1
Summonings     | |  0.8
Translocations | |  0.8

Action                   |  1- 3 |  4- 6 |  7- 9 || total
-------------------------+-------+-------+-------++-------
Melee: Unarmed           |    28 |       |       ||    28
       Whip              |    99 |   157 |     2 ||   258
       Dagger            |       |       |    10 ||    10
 Cast: Magic Dart        |    19 |    57 |    18 ||    94
  Use: Scroll            |       |     5 |       ||     5
 Stab: Sleeping          |     3 |     1 |       ||     4
       Distracted        |     1 |       |       ||     1
  Eat: Ration            |     1 |     1 |       ||     2
       Chunk             |       |     3 |       ||     3
Armor: Robe              |    43 |     6 |       ||    49
       Ring mail         |       |    34 |       ||    34
       Leather armour    |       |    24 |     1 ||    25
Dodge: Dodged            |    80 |    78 |     5 ||   163
       Deflected         |       |     1 |       ||     1

Table legend:
 A = Spawn XP
 B = Non-spawn XP
 C = Spawn XP percentage of total XP
 D = Spawn monster count
 E = Non-spawn monster count
 F = Spawn count percentage of total count
 G = Total turns spent on level
                    A         B        C        D         E        F      G
               +---------+---------+-------+---------+---------+-------+---------
         Total |       0 |     856 |   0.0 |       0 |      92 |   0.0 |  3358
               +---------+---------+-------+---------+---------+-------+---------
           D:1 |       0 |      51 |   0.0 |       0 |      31 |   0.0 |  1339
           D:2 |       0 |     146 |   0.0 |       0 |      26 |   0.0 |   663
           D:3 |       0 |     265 |   0.0 |       0 |      30 |   0.0 |  1193
           D:4 |       0 |     394 |   0.0 |       0 |       5 |   0.0 |   163
               +---------+---------+-------+---------+---------+-------+---------
